Cogmind - Beta 14 @@@ ROGUE MODE // 2024.08.24 @ 23:33:17 Player: Olafz Result: Self-destructed Performance ------------- Evolutions (2) 1000 Regions Visited (4) 800 Robots Destroyed (0) 0 Value Destroyed (20) 20 Prototype IDs (0) 0 Alien Tech Used (0) 0 Bonus (470) 470 TOTAL SCORE: 2290 Bonus ------- Pacifist 470 Cogmind --------- Core Integrity 452/550 Matter 291/300 Energy 100/100 System Corruption 0% Temperature Cool (0) Movement Core (50) Location -8/Materials Parts ------- > --- POWER (1) -------- (None) > --- PROPULSION (2) --- (None) > --- UTILITY (6) ------ (None) > --- WEAPON (2) ------- Flail > --- INVENTORY (5) ---- Flight Unit VTOL Module Peak State ------------ > --- POWER ------------ (None) > --- PROPULSION ------- VTOL Module > --- UTILITY ---------- (None) > --- WEAPON ----------- Flail > --- INVENTORY -------- VTOL Module [Rating: 4] Favorites ----------- Power None Propulsion VTOL Module Flight Unit VTOL Module Utility None Weapon Flail Impact Weapon Flail Build | -11 -10 -9 -9 -8 ------- Run | Yrd Mat Mat Sto Mat Slots Evolved 4 | . . 2 . 2 Power . | . . . . . Propulsion . | . . . . . Utility 4 | . . 2 . 2 Weapon . | . . . . . Parts Attached 3 | . . 2 1 . Power . | . . . . . Engine . | . . . . . Core . | . . . . . Reactor . | . . . . . Propulsion 2 | . . 2 . . Treads . | . . . . . Leg . | . . . . . Wheel . | . . . . . Hover . | . . . . . Flight 2 | . . 2 . . Utility . | . . . . . Device . | . . . . . Storage . | . . . . . Processor . | . . . . . Hackware . | . . . . . Protection . | . . . . . Artifact . | . . . . . Weapon 1 | . . . 1 . Energy Gun . | . . . . . Energy Cannon . | . . . . . Ballistic Gun . | . . . . . Ballistic Cannon . | . . . . . Launcher . | . . . . . Special Weapon . | . . . . . Impact Weapon 1 | . . . 1 . Slashing Weapon . | . . . . . Piercing Weapon . | . . . . . Special Melee Weapon . | . . . . . Unidentified Prototypes . | . . . . . Parts Lost 2 | . . 1 . 1 Power . | . . . . . Propulsion 2 | . . 1 . 1 Utility . | . . . . . Weapon . | . . . . . Highest Loss Streak 1 | . . 1 . 1 To Critical Strikes . | . . . . . Average Slot Usage (%) 12 | . . 9 20 13 Flight 7 | . . 9 11 4 Impact Weapon 5 | . . . 9 9 Peak Build Rating 4 | . . 2 4 4 Average Rating 2 | . . 1 3 3 On Entrance 1 | . . . 2 4 Naked Turns 55 | . 46 9 . . Heaviest Build 2 | . . . 2 2 Greatest Support 4 | 3 3 4 4 4 Greatest Overweight (x) . | . . . . . Average Overweight (x) . | . . . . . Largest Inventory Capacity 5 | 5 5 5 5 5 Average Capacity 5 | 5 5 5 5 5 Most Carried 2 | . . 2 2 2 Average Carried 1 | . . . 1 2 Final Capacity 5 | 5 5 5 5 5 Final Carried 2 | . . 2 2 2 Class Distribution -------------------- 100% | Mutant Dominant Class ---------------- Mutant | -10/Materials Mutant | -9/Materials Mutant | -9/Storage Mutant | -8/Materials Resources | -11 -10 -9 -9 -8 ----------- Run | Yrd Mat Mat Sto Mat Matter Collected 206 | 200 . . . 6 Remotely . | . . . . . Salvage Created . | . . . . . Parts . | . . . . . Haulers Intercepted . | . . . . . Recyclers Shooed . | . . . . . Parts Field Recycled . | . . . . . Retrieved Matter . | . . . . . Parts Self-Destructed . | . . . . . Prevented . | . . . . . Kills | -11 -10 -9 -9 -8 ------- Run | Yrd Mat Mat Sto Mat Combat Hostiles Destroyed . | . . . . . Classes Destroyed . | . . . . . Best Kill Streak . | . . . . . Combat Bots Only . | . . . . . Max Kills in Single Turn . | . . . . . Gunslinging . | . . . . . Exploded . | . . . . . Melee . | . . . . . Uniques/NPCs Destroyed . | . . . . . Combat | -11 -10 -9 -9 -8 -------- Run | Yrd Mat Mat Sto Mat Hostile Shots Fired 73 | . 27 22 8 16 Missed 31 | . 10 9 4 8 Damage Taken 526 | . 181 147 56 142 Core 421 | . 181 113 29 98 Absorbed by Shields . | . . . . . Core Remaining (%) 63 | 100 27 . 64 . Volleys Fired . | . . . . . Largest . | . . . . . Hottest . | . . . . . Shots Fired . | . . . . . Gun . | . . . . . Cannon . | . . . . . Launcher . | . . . . . Special . | . . . . . Kinetic . | . . . . . Thermal . | . . . . . Explosive . | . . . . . Electromagnetic . | . . . . . Robot Hit Streak . | . . . . . Robot Miss Streak . | . . . . . Penetration Max . | . . . . . Secondary Targets . | . . . . . Shots Hit Robots . | . . . . . Core Hits . | . . . . . Critical Kills . | . . . . . Critical Parts Destroyed . | . . . . . Critical Strikes . | . . . . . Melee Attacks 2 | . . . 2 . Impact 2 | . . . 2 . Slashing . | . . . . . Piercing . | . . . . . Sneak Attacks . | . . . . . Combat Hostiles . | . . . . . Follow-up Attacks . | . . . . . Damage Inflicted 8 | . . 5 . 3 Guns . | . . . . . Cannons . | . . . . . Explosions . | . . . . . Melee . | . . . . . Ramming 8 | . . 5 . 3 Kinetic . | . . . . . Thermal . | . . . . . Explosive . | . . . . . Electromagnetic . | . . . . . Impact . | . . . . . Slashing . | . . . . . Piercing . | . . . . . Highest Corruption . | . . . . . Average Corruption . | . . . . . Corruption Purged . | . . . . . Corruption Blocked . | . . . . . Overload Shots . | . . . . . Overflow Damage . | . . . . . Projectiles . | . . . . . Explosions . | . . . . . Melee . | . . . . . Knockbacks . | . . . . . Impact . | . . . . . Kinetic . | . . . . . Secondary . | . . . . . Self-Inflicted Damage 3 | . . 2 . 1 Shots . | . . . . . Rammed 2 | . . 1 . 1 Targets Rammed 2 | . . 1 . 1 Kicked . | . . . . . Crushed . | . . . . . Highest Temperature . | . . . . . Average Temperature . | . . . . . Received Heat Transfer 135 | . 42 48 27 18 Siege Activations . | . . . . . Robots Corrupted . | . . . . . Combat Hostiles . | . . . . . Parts Fried . | . . . . . Impact Corruptions . | . . . . . Robots Melted . | . . . . . Combat Hostiles . | . . . . . Parts Melted . | . . . . . Heat Transferred . | . . . . . Parts Sabotaged . | . . . . . Parts Stolen . | . . . . . Parts Stripped . | . . . . . Power Chain Reactions . | . . . . . Alert | -11 -10 -9 -9 -8 ------- Run | Yrd Mat Mat Sto Mat Peak Influence 162 | . 15 100 162 103 Initial 68 | . . 5 42 68 Average 47 | . 5 29 73 85 Maximum Alert Level . | . . . . . Low Security (%) 100 | 100 100 100 100 100 Level 1 . | . . . . . Level 2 . | . . . . . Level 3 . | . . . . . Level 4 . | . . . . . Level 5 . | . . . . . High Security . | . . . . . Max Security . | . . . . . Squads Dispatched . | . . . . . Investigation . | . . . . . Extermination . | . . . . . Reinforcement . | . . . . . Assault . | . . . . . Garrison . | . . . . . Intercept . | . . . . . Searches Triggered . | . . . . . Construction Impeded . | . . . . . Haulers Reinforced . | . . . . . Active Scanning Responses . | . . . . . Cargo Convoy Interrupts . | . . . . . Stealth | -11 -10 -9 -9 -8 --------- Run | Yrd Mat Mat Sto Mat Distress Signals . | . . . . . Communications Jammed . | . . . . . Distress Signals . | . . . . . Times Spotted 28 | . 6 8 9 5 Peak Tracking Total 15 | . 6 5 15 5 Tactical Retreats 3 | . . 2 1 . Traps | -11 -10 -9 -9 -8 ------- Run | Yrd Mat Mat Sto Mat Traps Triggered 2 | . 1 . . 1 Indirectly . | . . . . . Trap Hack Attempts . | . . . . . Triggered . | . . . . . Disarmed . | . . . . . Reprogrammed . | . . . . . Reused . | . . . . . Traps Extracted . | . . . . . Installed . | . . . . . Triggered . | . . . . . Machines | -11 -10 -9 -9 -8 ---------- Run | Yrd Mat Mat Sto Mat Machines Disabled 2 | . . . 2 . Max in Single Turn 1 | . . . 1 . Machines Repaired . | . . . . . Machines Dismantled . | . . . . . Machines Sabotaged . | . . . . . Overloaded Fab Kills . | . . . . . Hacking | -11 -10 -9 -9 -8 --------- Run | Yrd Mat Mat Sto Mat Machines Accessed . | . . . . . Terminals . | . . . . . Fabricators . | . . . . . Repair Stations . | . . . . . Recycling Units . | . . . . . Scanalyzers . | . . . . . Garrison Access . | . . . . . Total Hacks . | . . . . . Successful . | . . . . . Failed . | . . . . . Catastrophic . | . . . . . Database Lockouts . | . . . . . Manual . | . . . . . Terminals . | . . . . . Fabricators . | . . . . . Repair Stations . | . . . . . Recycling Units . | . . . . . Scanalyzers . | . . . . . Garrison Access . | . . . . . Terminal Hacks . | . . . . . Fabricator Hacks . | . . . . . Repair Station Hacks . | . . . . . Recycling Unit Hacks . | . . . . . Scanalyzer . | . . . . . Garrison Access Hacks . | . . . . . Unauthorized Hacks . | . . . . . Terminals . | . . . . . Fabricators . | . . . . . Repair Stations . | . . . . . Recycling Units . | . . . . . Scanalyzers . | . . . . . Garrison Access . | . . . . . Data Cores Recovered . | . . . . . Used . | . . . . . Hacking Detections . | . . . . . Full Trace Events . | . . . . . Feedback Events . | . . . . . Feedback Blocked . | . . . . . Robot Schematics Acquired . | . . . . . Robots Built . | . . . . . Authchips . | . . . . . Time . | . . . . . Total Robot Build Rating . | . . . . . Part Schematics Acquired . | . . . . . Parts Built . | . . . . . Authchips . | . . . . . Time . | . . . . . Total Part Build Rating . | . . . . . Parts Repaired . | . . . . . Time . | . . . . . Parts Recycled . | . . . . . Recycled Matter . | . . . . . Retrieved Matter . | . . . . . Retrieved Components . | . . . . . Parts Scanalyzed . | . . . . . Part Schematics Acquired . | . . . . . Parts Damaged . | . . . . . Bothacking | -11 -10 -9 -9 -8 ------------ Run | Yrd Mat Mat Sto Mat Used RIF Installer . | . . . . . Robots Hacked . | . . . . . Non-combat . | . . . . . Combat . | . . . . . Robot Hacks Applied . | . . . . . Relay Couplers Released . | . . . . . Fabnet Peak Effective % . | . . . . . Robots Rewired . | . . . . . Allies Hacked . | . . . . . Hacks Repelled . | . . . . . Allies | -11 -10 -9 -9 -8 -------- Run | Yrd Mat Mat Sto Mat Total Allies . | . . . . . Largest Group . | . . . . . Highest-Rated Group . | . . . . . Highest-Rated Ally . | . . . . . Total Orders . | . . . . . Ally Attacks . | . . . . . Total Damage . | . . . . . Kills . | . . . . . Allies Corrupted . | . . . . . Allies Melted . | . . . . . Intel | -11 -10 -9 -9 -8 ------- Run | Yrd Mat Mat Sto Mat Robot Analysis Total . | . . . . . Derelict Logs Recovered . | . . . . . Drone Launches . | . . . . . Drone Recoveries . | . . . . . Exploration | -11 -10 -9 -9 -8 ------------- Run | Yrd Mat Mat Sto Mat Turns Passed 230 | 9 46 60 76 39 Spaces Moved 547 | 18 91 148 198 92 Core 158 | 18 91 17 . 32 Treads . | . . . . . Legs . | . . . . . Wheels . | . . . . . Hover . | . . . . . Flight 389 | . . 131 198 60 Fastest Speed 35 | 50 50 35 35 35 Average Speed 39 | 50 50 36 35 40 Slowest Speed 50 | 50 50 50 35 50 Overloaded Moves . | . . . . . Propulsion Burnouts . | . . . . . Robots Hopped 8 | . . 3 4 1 Cave-ins Triggered . | . . . . . Exploration Rate (%) 22 | 2 31 22 41 15 Regions Visited 4 Branch Regions 1 Pre-discovered Areas . | . . . . . Known Exits Taken . | . . . . . Unknown Exits Taken 4 | 1 1 1 1 . Scrap Searched . | . . . . . Spaces Dug . | . . . . . Terrain Destroyed . | . . . . . Melee . | . . . . . Projectile . | . . . . . AOE . | . . . . . Terrain Rammed . | . . . . . Walls Destroyed . | . . . . . Machines Disabled . | . . . . . Actions | -11 -10 -9 -9 -8 --------- Run | Yrd Mat Mat Sto Mat Total 546 | 17 90 150 197 92 Wait . | . . . . . Move 528 | 17 90 142 189 90 Hop 8 | . . 3 4 1 Pick Up 4 | . . 3 1 . Fast Attach 1 | . . 1 . . Attach 2 | . . 1 1 . Detach . | . . . . . Swap . | . . . . . Drop . | . . . . . Fire . | . . . . . Melee 2 | . . . 2 . Ram 1 | . . . . 1 Kick . | . . . . . Crush . | . . . . . Escape Stasis . | . . . . . Rewire . | . . . . . Trap . | . . . . . Miscellaneous . | . . . . . Route ------- -11/Scrapyard -10/Materials (discovered 3 exits: [*Mat] / [*Min x2]) -9/Materials -9/Storage -8/Materials History --------- Turn | Location | Event 3 | -11/Scrapyard | Discovered new exit (range 14) 10 | -11/Scrapyard | Entered Materials 16 | -10/Materials | Discovered new exit (range 16) 38 | -10/Materials | Discovered new exit (range 12) 49 | -10/Materials | Core integrity fell below 50% 51 | -10/Materials | Discovered new exit (range 10) 56 | -10/Materials | Entered another Materials area 56 | -9/Materials | Evolved 2 slots: Utility x2 112 | -9/Materials | Discovered new exit (range 9) 116 | -9/Materials | Entered Storage 187 | -9/Storage | Discovered new exit (range 15) 192 | -9/Storage | Entered Materials 192 | -8/Materials | Evolved 2 slots: Utility x2 231 | -8/Materials | Self-destructed Last Messages --------------- LOCATION=UNKNOWN GOAL=ESCAPE Storage Shell breached. Acquired Flight Unit. K-01 Serf collects debris. Storage Shell breached. EXIT=FOUND PARAMETERS=UTILITY+2 LOCATION=UNKNOWN GOAL=ESCAPE Connecting with Terminal... Current location identified: Materials Triggered Proton Bomb Trap. A bubble of electromagnetic force engulfs the area. Matter Filter disabled. Acquired 2 matter. Acquired 4 matter. VTOL Module destroyed. K-01 Serf collects debris. Slammed into K-01 Serf. Map ----- +----------------------------------------------------+ | ???????????????# ???# """ #?????????????? | | ???????????????# ???# #?????????????? | | ???????????????# ????? ??????????????? | | ???????????????# #######+####????????????? | | ???????????????# #????????????? | | ???????????????+ #????????????? | | ???????????????# """ #????????????? | | ???????????????### """ #####????????????? | | ?????????????????# """ #????????????????? | | ?????????????????# #????????????????? | | ?????#######+##### !#????????????????? | | ????? #????????????????? | | ????? #????????????????? | | ????? #????????????????? | | ?????????######### #######????????????????? | | ?????????????????# #??????????????????????? | | ?????????????????# #??????????????????????? | | ?????????????????# #??????????????????????? | | ?????????????????# #??????????????????????? | | ?????????????????# #??????????????????????? | | ?????????????????# #??????????????????????? | | ?????????????????# #?????????#????????????? | | ?????????????????# #???????? #????????????? | | ??????????#####??# #??????? ?????????????? | | ??????????# """?# #??#####+######+#??????? | | ??????????# """?# #??# @ k #??????? | | ??????????#! """ # #??# gk #??????? | | ??????????# # #??# b###########??????? | | ??????????# ] + #??# g#????????????????? | | ??????????# # #?## ##???###########?? | | ???????######+#### ### #???# ??? | | ?????+ Y ##### %%%%""" ??? | | ?????????# T " %%%"""" #?? | | ?????????# #########+## ##### %%%"""" #?? | | ?????????????# ## ##???# %%"""" #?? | | ?????????????# """ ! ## #????# % %%%"" #?? | | ?????????????# """ ## #????# % #?? | | ?????????????# """ ## #????# ! #?? | | ?????????????# ## ##???###/#######?? | | ?????????????# # ##### #??????? | | ?????????????# "T" + #??????? | | ?????????????# """ # #??????? | | ?????????????# # ##### #??????? | | ?????????????#################### #######?? | | ?????????????????????????# # # ! [#? | | ?????????????????????????#""" + + #? | | ?????????????????????????#""" # # #? | | ?????????????????????????#""" ] # # " "" #? | | ?????????????????????????# ####?"R"" #? | | ?????????????????????????# ! #????""" #? | +----------------------------------------------------+ Best States ------------- Heat Dissipation 31 Energy Generation 5 Energy Capacity 100 Matter Stores 300 Matter Capacity 300 Sight Range 16 Terrain Scan Density 10 Evasion (%) 63 Item Schematics ----------------- None Robot Schematics ------------------ None Fabricated ------------ Nothing Alien Tech Used ----------------- None Achievements -------------- None Challenges ------------ None Game ------ Seed EfficiencyEnhancedBeam Manual? 0 Play Time 00:04:02 Cumulative 247.9 hours Start 2024.08.24 @ 23:29:53 End 2024.08.24 @ 23:33:17 Sessions 1 Manual Loads 0 Difficulty Rogue Special Mode None Game No. 434 Rogue 432 Adventurer 2 Explorer 0 Win Type - Total 11 Types 8/0/1/2/0/0/0/0/0 Lore% 73 Gallery% 68 Achievement% 57 Wizard Run 0 Options --------- Layout 0 ASCII 0 Keyboard 1 Movement Numpad Keybinds 1 Fullscreen 2 Font 18/SmallcapsGlow Map View 76x50 Zoom Use 0% Tactical HUD 1 Map Filters NONE Filters NONE Steam 1 RUN: aa8790d1-0a9b-43fb-9776-8d8ff7fe87ab